 Dungeon Crawl Stone Soup version 0.30-a0-509-gd016549fea (webtiles) character file.

Game seed: 2396166608258539405

2253 gelatine the Stinger (level 9, -3/61 HPs)
             Began as a Demonspawn Venom Mage on Dec 22, 2022.
             Slain by a lemure (7 damage)
             ... led by Pikel
             ... on level 7 of the Dungeon.
             The game lasted 00:18:01 (6966 turns).

gelatine the Stinger (Demonspawn Venom Mage)        Turns: 6966, Time: 00:18:02

Health: -3/61      AC: 17    Str:  9    XL:     9   Next: 15%
Magic:  12/16      EV: 16    Int: 20    God:
Gold:   376        SH:  0    Dex: 14    Spells: 7/17 levels left

rFire   + . .      SeeInvis .    s - +0 rapier (flame)
rCold   . . .      Faith    .    (no shield)
rNeg    . . .      Spirit   .    p - +3 leather armour
rPois   .          Reflect  .    v - +0 helmet
rElec   .          Harm     .    e - +0 cloak
rCorr   .          Rampage  .    (no gloves)
Will    +....                    (no boots)
Stlth   ++........               (no amulet)
HPRegen 0.30/turn                f - ring of wizardry
MPRegen 0.15/turn                D - ring of Vuda {rF+ Will+ EV+4}

@: sanguine armoured, hasted, very quick
A: claws 1, icemail 1, sanguine armour 2, condensation shield
a: no special abilities


You were on level 7 of the Dungeon.
You visited 1 branch of the dungeon, and saw 7 of its levels.

You collected 376 gold pieces.

Inventory:

Hand Weapons
 s - a +0 rapier of flaming (weapon)
 u - a +2 dagger of venom
Armour
 e - a +0 cloak (worn)
 i - a scarf of invisibility
 p - a +3 leather armour (worn)
 v - a +0 helmet (worn)
 E - an orb of energy
 G - +0 acid dragon scales
 L - a +0 robe of fire resistance
Magical Staves
 K - a staff of conjuration
Jewellery
 f - a ring of wizardry (left claw)
 o - a ring of positive energy
 t - a ring of poison resistance
 z - a ring of ice
 D - the ring of Vuda (right claw) {rF+ Will+ EV+4}
   (You acquired it on level 6 of the Dungeon)

   [ring of evasion]

   EV:        It affects your evasion (+4).
   rF:        It protects you from fire.
   Will:      It increases your willpower.
Wands
 H - a wand of quicksilver (2)
Scrolls
 d - a scroll of fog {unknown}
 h - a scroll of enchant weapon {unknown}
 l - a scroll of silence {unknown}
 m - a scroll of brand weapon
 r - a scroll of vulnerability {unknown}
 x - 3 scrolls of teleportation {unknown}
 y - 2 scrolls of amnesia {unknown}
 A - a scroll of acquirement
 F - 6 scrolls of identify
 J - a scroll of blinking {unknown}
 M - a scroll of noise {unknown}
Potions
 a - 3 potions of curing
 b - a potion of magic
 c - a potion of haste
 g - a potion of invisibility
 k - a potion of degeneration {unknown}
 n - 2 potions of resistance {unknown}
 q - a potion of flight {unknown}
 w - a potion of attraction {unknown}
 B - 5 potions of lignification {unknown}
 C - a potion of brilliance {unknown}
 I - a potion of cancellation {unknown}
 N - a potion of mutation {unknown}


   Skills:
 + Level 1.9 Fighting
 + Level 3.7 Short Blades
 + Level 2.1 Armour
 + Level 2.9 Dodging
 + Level 2.4 Stealth
 + Level 1.0 Shields
 + Level 1.0 Unarmed Combat
 + Level 4.9 Spellcasting
 + Level 0.6 Conjurations
 + Level 3.9 Transmutations
 + Level 1.7 Air Magic
 + Level 5.9 Poison Magic
 * Level 4.8 Evocations


You had 7 spell levels left.
You knew the following spells:

 Your Spells              Type           Power      Damage    Failure   Level
a - Sting                 Tmut/Pois      96%        1d7       1%          1
b - Poisonous Vapours     Pois/Air       40%        N/A       1%          2
c - Mephitic Cloud        Conj/Pois/Air  15%        N/A       6%          3
d - Olgreb's Toxic Radia  Pois           28%        N/A       6%          4

Your spell library contained the following spells:

 Spells                   Type           Power      Damage    Failure   Level
 Dazzling Flash           Conj/Hex       12%        N/A       16%         3
 Iskenderun's Mystic Bla  Conj/Tloc      6%         2d4       45%         4
 Starburst                Conj/Fire      3%         6d3       100%        6


Dungeon Overview and Level Annotations

Branches:
Dungeon (7/15)             Temple (0/1) D:5

Altars:
Gozag

Shops:
D:7 *

Annotations:
D:7 Pikel


Innate Abilities, Weirdness & Mutations

You have sharp fingernails.
A meltable icy envelope protects you from harm. (AC +0)
When seriously injured, your blood forms thick armour. (AC +9)
A meltable shield of frost defends you. (SH +0)


Message History

You hit Pikel but do no damage.
Pikel is almost dead.
Pikel hits you but does no damage. The lemure misses you. x2
The lemure hits you but does no damage. The lemure barely misses you.
You hit Pikel but do no damage.
Pikel is almost dead.
Pikel hits you with a +2 whip of flaming!
* * * LOW HITPOINT WARNING * * *
Pikel burns you.
* * * LOW HITPOINT WARNING * * *
The lemure closely misses you. The lemure barely misses you.
The lemure hits you but does no damage. The lemure barely misses you.
You closely miss Pikel.
Pikel is almost dead.
You hit Pikel. You burn Pikel.
Pikel is almost dead.
Pikel hits you but does no damage. The lemure hits you but does no damage.
The lemure hits you.
* * * LOW HITPOINT WARNING * * *
The lemure hits you but does no damage. The lemure hits you.
* * * LOW HITPOINT WARNING * * *
You closely miss Pikel.
Pikel is almost dead.
Pikel closely misses you. The lemure misses you. The lemure barely misses you.
The lemure hits you but does no damage. The lemure misses you.
You hit Pikel but do no damage.
Pikel is almost dead.
Pikel says, "Hell isn't that bad."
Pikel hits you with a +2 whip of flaming.
* * * LOW HITPOINT WARNING * * *
The lemure misses you. The lemure closely misses you.
The lemure barely misses you. x2
You miss Pikel.
Pikel is almost dead.
You closely miss Pikel.
Pikel is almost dead.
Pikel hits you with a +2 whip of flaming.
* * * LOW HITPOINT WARNING * * *
The lemure hits you!
You die...

.$ .# #.# ## #.. ####.#
#.######....###.
#..##........... ####
#...........#
...#######.....555...##
...........#....@KY...#
..........###....5....#
.........## ##........#
#.......## #.?......#
##.......## ##........#
#.†.......## ##.......#
#..........# ##.<....#
#...........## #.....#
##...........##


You could see Pikel, an ice beast and 4 lemures.

Vanquished Creatures
  Maggie (D:6)
  Edmund (D:4)
  An orc warrior (D:7)
  Duvessa (D:7)
  An ice beast (D:5)
  A sky beast (D:7)
  A black bear (D:5)
  3 centaurs
  An ogre (D:7)
  A phantom (D:6)
  A kobold brigand (D:7)
  A necrophage (D:5)
  3 bullfrogs
  A gnoll sergeant (D:7)
  3 scorpions
  Dowan (D:7)
  A howler monkey (D:6)
  4 hounds
  4 iguanas
  An orc wizard (D:7)
  3 adders
  A worm (D:2)
  5 dart slugs
  23 orcs
  8 ball pythons
  6 endoplasms
  A giant cockroach (D:2)
  4 goblins
  7 hobgoblins
  4 jackals (D:3)
  5 kobolds
  3 quokkas
  2 bats (D:2)
  3 frilled lizards
  2 rats
109 creatures vanquished.

Notes
Turn   | Place    | Note
-------+----------+-------------------------------------------
     0 | D:1      | gelatine the Demonspawn Venom Mage began the quest for the
                  | Orb.
     0 | D:1      | Reached XP level 1. HP: 13/13 MP: 3/3
   175 | D:1      | Gained mutation: You have sharp fingernails. [demonic
                  | ancestry]
   175 | D:1      | Reached XP level 2. HP: 19/19 MP: 1/5
   232 | D:1      | Reached skill level 1 in Transmutations
   366 | D:1      | Found a faded altar of an unknown god.
   850 | D:2      | Gained mutation: When seriously injured, your blood forms
                  | armour. (AC +9) [demonic ancestry]
   850 | D:2      | Reached XP level 3. HP: 16/24 MP: 0/6
  1300 | D:2      | Identified the +0 ring mail "Ruwnokh" {rC- rCorr Str-2
                  | SInv}
  1307 | D:2      | Reached skill level 1 in Unarmed Combat
  2419 | D:3      | Gained mutation: When seriously injured, your blood forms
                  | thick armour. (AC +9) [demonic ancestry]
  2419 | D:3      | Reached XP level 4. HP: 30/30 MP: 4/7
  2835 | D:4      | Noticed Edmund
  2840 | D:4      | Learned a level 2 spell: Poisonous Vapours
  2844 | D:4      | Learned a level 3 spell: Mephitic Cloud
  2867 | D:4      | Killed Edmund
  2868 | D:4      | Reached skill level 1 in Evocations
  2868 | D:4      | Reached XP level 5. HP: 23/36 MP: 1/9
  3151 | D:4      | Reached skill level 4 in Poison Magic
  3422 | D:4      | Gained mutation: A meltable shield of frost defends you.
                  | (SH +0) [demonic ancestry]
  3422 | D:4      | Reached XP level 6. HP: 42/42 MP: 3/10
  3592 | D:4      | Found an opulent altar of Gozag.
  3810 | D:5      | Entered Level 5 of the Dungeon
  4078 | D:5      | Reached skill level 1 in Armour
  4147 | D:5      | Found a staircase to the Ecumenical Temple.
  4377 | D:5      | Noticed an ice beast
  4405 | D:5      | Killed an ice beast
  4406 | D:5      | Gained mutation: A meltable icy envelope protects you from
                  | harm. (AC +0) [demonic ancestry]
  4406 | D:5      | Reached XP level 7. HP: 37/47 MP: 10/12
  4466 | D:5      | Reached skill level 1 in Fighting
  4902 | D:6      | Identified 2 scrolls of acquirement
  4902 | D:6      | Acquired the ring of Vuda {rF+ Will+ EV+4}
  4910 | D:6      | Learned a level 4 spell: Olgreb's Toxic Radiance
  5056 | D:6      | Noticed Maggie
  5082 | D:6      | Reached skill level 1 in Short Blades
  5113 | D:6      | HP: 2/48 [Maggie/+2 glaive of flaming (2)]
  5120 | D:6      | Killed Maggie
  5121 | D:6      | Reached skill level 1 in Air Magic
  5121 | D:6      | Reached skill level 5 in Poison Magic
  5121 | D:6      | Reached XP level 8. HP: 12/54 MP: 0/14
  5889 | D:7      | Found Heuguireve's Assorted Antiques.
  6218 | D:7      | Noticed Duvessa
  6222 | D:7      | Noticed Dowan
  6239 | D:7      | Killed Duvessa
  6240 | D:7      | Reached skill level 1 in Shields
  6279 | D:7      | Killed Dowan
  6450 | D:7      | Reached XP level 9. HP: 43/61 MP: 6/16
  6924 | D:7      | Noticed Pikel
  6956 | D:7      | HP: 2/61 [Pikel/+2 whip of flaming (3)]
  6966 | D:7      | Slain by a lemure

Illustrated notes

Levels and vault maps discovered:
D:1:      zelgadis_glass_arrival_small, layout_rooms, basic_ecumenical_altar,
          serial_forest, infiniplex_forest_clump_tiny,
          infiniplex_forest_side_room, infiniplex_forest_lined_2,
          infiniplex_forest_straight_1, infiniplex_forest_lined_corner,
          infiniplex_forest_zigzag_1, infiniplex_forest_lined_2
D:2:      layout_basic
D:3:      layout_basic
D:4:      layout_loops_ring, mainiacjoe_overflow_alcove_2, uniq_edmund
D:5:      layout_loops_ring, minmay_temple_entry_from_below_b
D:6:      layout_basic, uniq_maggie
D:7:      layout_cave_pods, serial_shops, nicolae_square_shop,
          reono_crystal_passage, minmay_fractal_squares_gapless_5, uniq_duvessa,
          uniq_pikel

Skill      XL: |  1  2  3  4  5  6  7  8  9 |
---------------+----------------------------+-----
Transmutations | 1 2 3 |  3.9
Unarmed Combat | 1 |  1.0
Dodging        | 2 |  2.9
Stealth        | 2 |  2.4
Evocations     | 1 2 3 4 |  4.8
Spellcasting   | 3 4 |  4.9
Poison Magic   | 4 5 |  5.9
Armour         | 1 2 |  2.1
Fighting       | 1 |  1.9
Short Blades   | 1 3 |  3.7
Air Magic      | 1 |  1.7
Shields        | 1 |  1.0
Conjurations   | |  0.6

Action                   |  1- 3 |  4- 6 |  7- 9 || total
-------------------------+-------+-------+-------++-------
Melee: Unarmed           |    44 |       |       ||    44
       Punch             |     2 |     2 |     5 ||     9
       Dagger            |    25 |    57 |    31 ||   113
       Rapier            |     1 |       |   155 ||   156
 Cast: Sting             |    80 |    73 |   107 ||   260
       Poisonous Vapours |       |     4 |     5 ||     9
       Mephitic Cloud    |       |       |     8 ||     8
  Use: Scroll            |     3 |       |     2 ||     5
       Potion            |       |       |     4 ||     4
 Stab: Confused          |       |       |     1 ||     1
Armor: Robe              |     7 |       |       ||     7
       Leather armour    |     7 |    47 |    90 ||   144
Dodge: Dodged            |    64 |    44 |   199 ||   307
Block: Other             |       |     8 |    29 ||    37

Table legend: (Time is in decaauts)
 A = Elapsed time spent in this place.
 B = Non-inter-level travel time spent in this place.
 C = Inter-level travel time spent in this place.
 D = Time resting spent in this place.
 E = Time spent auto-exploring this place.
 F = Levels seen in this place.
 G = Mean time per level.
                   A        B        C        D        E       F      G
               +--------+--------+--------+--------+--------+-----+--------+
         Total |   6962 |   6873 |     89 |      0 |   5628 |   7 |  994.6 |
       Dungeon |   6962 |   6873 |     89 |      0 |   5628 |   7 |  994.6 |
               +--------+--------+--------+--------+--------+-----+--------+

Top non-repeatable levels by time:
     D:2: 1247 daAuts
     D:7: 1220 daAuts
     D:5: 1087 daAuts
     D:4: 1060 daAuts
     D:3: 848 daAuts
     D:6: 847 daAuts
     D:1: 650 daAuts
